 Dungeon Crawl Stone Soup version 0.29.1-4-g47bece8355 (webtiles) character file.

Game seed: 7365622824712379312

375 Radix the Digger (level 6, -2/34 HPs)
             Began as a Gargoyle Earth Elementalist on Dec 12, 2022.
             Was an Initiate of Vehumet.
             Slain by a gnoll sergeant
             ... wielding a +0 spear
              (7 damage)
             ... on level 5 of the Dungeon.
             The game lasted 00:38:36 (4596 turns).

Radix the Digger (Gargoyle Earth Elementalist)      Turns: 4596, Time: 00:38:36

Health: -2/34      AC:  7    Str: 14    XL:     6   Next: 73%
Magic:  5/12       EV: 12    Int: 18    God:    Vehumet [......]
Gold:   300        SH:  0    Dex: 13    Spells: 9/13 levels left

rFire   . . .      SeeInvis .   x - +4 dagger of the Snake Pit {vorpal, *Rage +Blink Str+3 Dex+3}
rCold   . . .      Faith    .   (no shield)
rNeg    + . .      Spirit   .   a - +0 robe
rPois   ∞          Reflect  .   j - +0 helmet
rElec   +          Harm     .   (no cloak)
rCorr   .          Rampage  .   (no gloves)
Will    .....      Rage     20% (no boots)
Stlth   ++........              (no amulet)
HPRegen 0.11/turn               (no ring)
MPRegen 0.13/turn               (no ring)

@: on blink cooldown
A: sickness immunity, AC +4, negative energy resistance 1, electricity
resistance, torment resistance 1, petrification resistance
a: Renounce Religion, Evoke Blink


You were on level 5 of the Dungeon.
You worshipped Vehumet.
Vehumet was noncommittal.
You visited 2 branches of the dungeon, and saw 6 of its levels.

You collected 300 gold pieces.

Inventory:

Hand Weapons
 c - the +5 falchion of Inflation {freeze, rElec rC+ Str+7 Dex-3}
   (You found it on level 4 of the Dungeon)

   It freezes those it strikes, dealing additional cold damage.
   It can also slow down cold-blooded creatures.
   Str:       It affects your strength (+7).
   Dex:       It affects your dexterity (-3).
   rC:        It protects you from cold.
   rElec:     It insulates you from electricity.
 i - a +2 dagger of protection
 w - a +0 club
 x - the +4 dagger of the Snake Pit (weapon) {vorpal, *Rage +Blink Str+3 Dex+3}
   (You found it on level 4 of the Dungeon)

   It inflicts extra damage upon your enemies.
   Str:       It affects your strength (+3).
   Dex:       It affects your dexterity (+3).
   +Blink:    It lets you blink.
   *Rage:     It berserks you when you make melee attacks (+20% chance).
Armour
 a - a +0 robe (worn)
 j - a +0 helmet (worn)
 m - a +0 buckler
Wands
 B - a wand of polymorph (7)
 C - a wand of charming (12)
Scrolls
 d - a scroll of enchant weapon {unknown}
 f - a scroll of noise {unknown}
 h - 3 scrolls of identify {unknown}
 k - 2 scrolls of magic mapping {unknown}
 s - a scroll of immolation {unknown}
 u - a scroll of summoning {unknown}
 v - 2 scrolls of blinking {unknown}
 y - a scroll of torment {unknown}
 z - 2 scrolls of fear {unknown}
Potions
 b - a potion of magic
 e - a potion of flight {unknown}
 g - 2 potions of heal wounds {unknown}
 l - 3 potions of brilliance {unknown}
 n - 7 potions of curing {unknown}
 o - 2 potions of haste {unknown}
 p - 3 potions of lignification {unknown}
 q - 2 potions of ambrosia {unknown}
 r - a potion of mutation {unknown}
 t - a potion of attraction {unknown}
 A - 2 potions of might {unknown}


   Skills:
 - Level 1.4 Fighting
 - Level 1.6 Dodging
 - Level 2.3 Stealth
 + Level 4.0 Spellcasting
 + Level 3.2 Conjurations
 - Level 0.9 Transmutations
 + Level 5.9 Earth Magic


You had 9 spell levels left.
You knew the following spells:

 Your Spells              Type           Power      Damage    Failure   Level
a - Sandblast             Erth           48%        2d12      1%          1
b - Stone Arrow           Conj/Erth      40%        3d9       7%          3

Your spell library contained the following spells:

 Spells                   Type           Power      Damage    Failure   Level
 Passwall                 Tmut/Erth      12%        N/A       5%          2
 Freeze                   Ice            12%        1d4       14%         1
 Dazzling Flash           Conj/Hex       18%        N/A       22%         3
 Petrify                  Tmut/Erth      15%        N/A       36%         4
 Frozen Ramparts          Ice            6%         1d1       41%         3
 Hailstorm                Conj/Ice       9%         3d4       58%         4
 Freezing Cloud           Conj/Ice/Air   3%         6-21      95%         5
 Agony                    Necr           3%         N/A       99%         5
 Silence                  Hex/Air        1%         N/A       99%         5
 Simulacrum               Ice/Necr       1%         N/A       100%        6
 Polar Vortex             Ice            1%         N/A       100%        9


Dungeon Overview and Level Annotations

Branches:
Dungeon (5/15)             Temple (1/1) D:4

Altars:
Ashenzari
Cheibriados
Dithmenos
Fedhas
Gozag
Hepliaklqana
Kikubaaqudgha
Makhleb
Nemelex Xobeh
Okawaru
Qazlal
Sif Muna
Trog
Uskayaw
Vehumet
Xom
Yredelemnul
Zin
The Shining One

Annotations:
D:3 1 runed translucent door, SirLogeyBear's ghost, amateur HOBe


Innate Abilities, Weirdness & Mutations

You are immune to sickness and miasma.
Your stone body is resilient. (AC +4)
You are immune to poison.
You resist negative energy. (rN+)
You are resistant to electric shocks. (rElec)
You are resistant to unholy torment.
You are immune to petrification.


Message History

Confirm with . or Enter, or press ? or * to list all spells.
Aiming: Sandblast (safe; 1% risk of failure)
Press: ? - help, Shift-Dir - straight line, f - gnoll, p - gnoll
Aim: a gnoll, wielding a +0 club (85% to hit)
The blast of sand hits the gnoll!
The gnoll is severely wounded.
The gnoll barely misses you. The gnoll completely misses you.
You hit the gnoll.
You kill the gnoll!
Vehumet accepts your kill.
The gnoll hits you from afar with a +0 spear.
The gnoll sergeant hits you from afar with a +0 spear!
Casting: Sandblast (safe; 1% risk of failure)
Confirm with . or Enter, or press ? or * to list all spells.
Aiming: Sandblast (safe; 1% risk of failure)
Press: ? - help, Shift-Dir - straight line, f - gnoll
Aim: a gnoll, wielding a +0 spear (almost dead, 85% to hit)
The blast of sand misses the gnoll.
The blast of sand hits the gnoll!
The gnoll is severely wounded.
The gnoll hits you from afar with a +0 spear.
The gnoll sergeant hits you but does no damage.
Casting: Sandblast (safe; 1% risk of failure)
Confirm with . or Enter, or press ? or * to list all spells.
Aiming: Sandblast (safe; 1% risk of failure)
Press: ? - help, Shift-Dir - straight line, f/p - gnoll
Aim: a gnoll, wielding a +0 spear (almost dead, 85% to hit)
The blast of sand hits the gnoll.
You kill the gnoll!
Vehumet accepts your kill.
The gnoll sergeant hits you from afar with a +0 spear!
* * * LOW HITPOINT WARNING * * *
The gnoll hits you with a +0 club.
* * * LOW HITPOINT WARNING * * *
The gnoll sergeant barely misses you.
Your Spellcasting skill increases to level 4!
You blink.
A gnoll comes into view. It is wielding a +0 halberd.
The gnoll shouts!
The gnoll sergeant hits you with a +0 spear!
You die...

##### ##++
#...#######
#...#####.......#
#.#.#?......#.###.#
.....#....#.# #.#
###.#..#.##.#.# #.#
.....).@g)§.#.# #.#
.##.#.##g####.# #.#
# #....#.###.#
..g.......># #####
......#.###.#
....#### ######## #
#.#
.......#########
#.#
.......#8.8..8.#
#.#
.#.....#._..._8#
#.#


You could see a gnoll sergeant and 2 gnolls.

Vanquished Creatures
  An ice beast (D:5)
  A scorpion (D:4)
  A hound (D:5)
  An iguana (D:5)
  3 gnolls (D:5)
  5 adders
  A shadow imp (D:5)
  3 worms
  3 orcs
  5 endoplasms
  3 giant cockroaches
  7 goblins
  3 hobgoblins
  11 jackals
  5 kobolds
  A quokka (D:3)
  6 ball pythons
  9 bats
  4 frilled lizards
  8 rats
81 creatures vanquished.

Notes
Turn   | Place    | Note
-------+----------+-------------------------------------------
     0 | D:1      | Radix the Gargoyle Earth Elementalist began the quest for
                  | the Orb.
     0 | D:1      | Reached XP level 1. HP: 10/10 MP: 3/3
   185 | D:1      | Reached XP level 2. HP: 15/15 MP: 3/5
   287 | D:1      | Reached skill level 4 in Earth Magic
   961 | D:2      | Reached XP level 3. HP: 20/20 MP: 2/6
  1056 | D:2      | Reached skill level 1 in Fighting
  1715 | D:2      | Learned a level 3 spell: Stone Arrow
  1776 | D:2      | Reached XP level 4. HP: 14/25 MP: 3/8
  2019 | D:3      | Found a glowing silver altar of Zin.
  2695 | D:3      | Found a runed translucent door.
  2703 | D:3      | Noticed SirLogeyBear's ghost (amateur HOBe)
  2757 | D:3      | Reached skill level 1 in Conjurations
  2976 | D:4      | Reached XP level 5. HP: 21/29 MP: 7/9
  2993 | D:4      | Reached skill level 5 in Earth Magic
  3270 | D:4      | Identified the +5 falchion of Inflation {freeze, rElec rC+
                  | Str+7 Dex-3}
  3296 | D:4      | Identified the +4 dagger of the Snake Pit {vorpal, *Rage
                  | +Blink Str+3 Dex+3}
  3305 | D:4      | Identified the +1 short sword of Nolepeli {freeze, +Blink
                  | rC+ Int-2 Dex+3}
  3322 | D:4      | Found a staircase to the Ecumenical Temple.
  3335 | Temple   | Entered the Ecumenical Temple
  3398 | Temple   | Became a worshipper of Vehumet
  3887 | D:4      | Found an iron altar of Okawaru.
  3887 | D:4      | Found a snail-covered altar of Cheibriados.
  4040 | D:5      | Entered Level 5 of the Dungeon
  4072 | D:5      | Found a shimmering blue altar of Sif Muna.
  4072 | D:5      | Found a hazy altar of Hepliaklqana.
  4132 | D:5      | Noticed an ice beast
  4150 | D:5      | Killed an ice beast
  4151 | D:5      | Reached XP level 6. HP: 24/34 MP: 8/11
  4439 | D:5      | Found a radiant altar of Vehumet.
  4442 | D:5      | Found a glowing golden altar of the Shining One.
  4442 | D:5      | Found a shadowy altar of Dithmenos.
  4444 | D:5      | Found a shimmering altar of Xom.
  4444 | D:5      | Found a blossoming altar of Fedhas.
  4444 | D:5      | Found a sparkling altar of Nemelex Xobeh.
  4596 | D:5      | Slain by a gnoll sergeant

Illustrated notes

Levels and vault maps discovered:
D:1:      psy_arrival_heroes, layout_loops_ring
D:2:      layout_basic
D:3:      layout_loops_corners, zin_academy, ebering_ghost_reflecting_pool,
          nicolae_kite_square_tiling_tiny, grunt_ministairs_3
D:4:      layout_basic, gammafunk_temple_overflow_statue,
          minmay_temple_entry_hall, minmay_misc_feat_diagonals,
          kennysheep_generic_room_9
D:5:      layout_basic, doesnt_xom_only_xom, nicolae_overflow_two_pavilions,
          kennysheep_generic_room_12
Temple:   eino_temple_scatter_basement

Skill      XL: |  1  2  3  4  5  6 |
---------------+-------------------+-----
Earth Magic    | 4 5 |  5.9
Fighting       | 1 |  1.4
Spellcasting   | 3 4 |  4.0
Conjurations   | 1 2 3 |  3.2
Dodging        | |  1.6
Stealth        | |  2.3
Transmutations | |  0.9

Action                   |  1- 3 |  4- 6 || total
-------------------------+-------+-------++-------
Melee: Dagger            |    66 |    56 ||   122
       Falchion          |       |     5 ||     5
 Cast: Sandblast         |    24 |    57 ||    81
 Abil: Evoke Blink       |       |     1 ||     1
  Use: Potion            |       |     1 ||     1
 Stab: Sleeping          |     4 |     3 ||     7
Armor: Robe              |    34 |    41 ||    75
Dodge: Dodged            |    42 |    53 ||    95
